 Dungeon Crawl Stone Soup version 0.30.2 (webtiles) character file.

Game seed: 2167178004174846498

114 porpoise the Covert (level 4, -1/34 HPs)
             Began as a Gnoll Wanderer on Apr 6, 2024.
             Killed by divine providence
             ... invoked by an orc priest
              (15 damage)
             ... on level 3 of the Dungeon.
             The game lasted 00:04:44 (1302 turns).

porpoise the Covert (Gnoll Wanderer)                Turns: 1302, Time: 00:04:44

Health: -1/34      AC:  6    Str: 11 (14) XL:     4   Next: 97%
Magic:  5/6        EV:  9    Int: 10 (12) God:
Gold:   78         SH:  3    Dex:  8 (10) Spells: 3/5 levels left

rFire   . . .        a - +0 hand axe
rCold   . . .        l - +0 buckler
rNeg    . . .        d - +0 ring mail
rPois   .            (no helmet)
rElec   .            (no cloak)
rCorr   .            (no gloves)
SInv    .            (no boots)
Will    .....        (no amulet)
Stlth   +++          (no ring)
HPRegen 0.25/turn    (no ring)
MPRegen 0.10/turn

%: no passive effects
@: mighty
A: fangs 1, strong nose, distributed training
a: no special abilities


You were on level 3 of the Dungeon.
You visited 1 branch of the dungeon, and saw 3 of its levels.

You collected 78 gold pieces.

Inventory:

Hand Weapons
 a - a +0 hand axe (weapon)
 b - a +0 sling
 c - a +2 dagger
Armour
 d - a +0 ring mail (worn)
 l - a +0 buckler (worn)
Scrolls
 f - a scroll of noise {unknown}
 g - a scroll of enchant weapon {unknown}
 j - a scroll of fear
 k - 2 scrolls of identify {unknown}
 m - a scroll of torment {unknown}
 n - a scroll of fog {unknown}
 p - a scroll of poison {unknown}
Potions
 e - 2 potions of attraction
 h - a potion of degeneration
 i - a potion of might
 o - 2 potions of lignification {unknown}


   Skills:
 + Level 2.9 Fighting
 + Level 1.3 Short Blades
 + Level 1.3 Long Blades
 + Level 4.7 Axes
 + Level 1.3 Maces & Flails
 + Level 1.3 Polearms
 + Level 1.3 Staves
 + Level 1.3 Ranged Weapons
 + Level 1.3 Throwing
 + Level 4.7 Armour
 + Level 1.3 Dodging
 + Level 9.6 Stealth
 + Level 1.3 Shields
 + Level 1.3 Unarmed Combat
 + Level 1.3 Spellcasting
 + Level 1.1 Conjurations
 + Level 1.1 Hexes
 + Level 1.1 Summonings
 + Level 1.1 Necromancy
 + Level 1.1 Translocations
 + Level 1.1 Transmutations
 + Level 1.1 Fire Magic
 + Level 1.1 Ice Magic
 + Level 1.1 Air Magic
 + Level 1.1 Earth Magic
 + Level 1.1 Poison Magic
 + Level 1.5 Invocations
 + Level 1.3 Evocations


You had 3 spell levels left.
You knew the following spells:

 Your Spells              Type           Power      Damage    Failure   Level
w - Wereblood             Tmut           2%         N/A       71%         2

Your spell library contained the following spells:

 Spells                   Type           Power      Damage    Failure   Level
 Beastly Appendage        Tmut           4%         N/A       56%         1
 Spider Form              Tmut/Pois      2%         N/A       90%         3


Dungeon Overview and Level Annotations

Branches:
Dungeon (3/15)

Altars:


Innate Abilities, Weirdness & Mutations

You have very sharp teeth.
Your uncanny sense of smell can sniff out nearby items.
Your experience applies equally to all skills.


Message History

The orc priest looks satisfied for a moment.
The orc hits you but does no damage.
You slash the orc!
You kill the orc!
Your Conjurations skill increases to level 1!
Your Hexes skill increases to level 1!
Your Summonings skill increases to level 1!
Your Necromancy skill increases to level 1!
Your Translocations skill increases to level 1!
Your Transmutations skill increases to level 1!
Your Fire Magic skill increases to level 1!
Your Ice Magic skill increases to level 1!
Your Air Magic skill increases to level 1!
Your Earth Magic skill increases to level 1!
Your Poison Magic skill increases to level 1!
You closely miss the orc.
The orc is almost dead.
The orc hits you but does no damage. The orc closely misses you.
You slash the orc!
You kill the orc!
You slash the orc priest!
The orc priest is heavily wounded.
The orc priest miscasts a cantrip.
You slash the orc priest!
You kill the orc priest!
The orc priest invokes the aid of Beogh against you.
Beogh smites you!
You feel your dexterity returning.
You slash the orc!
You kill the orc!
You completely miss the orc. Your bite misses the orc. The orc misses you.
You hit the orc.
You kill the orc!
The orc priest looks braver for a moment.
You barely miss the orc. The orc hits you with a +0 whip.
You slash the orc!
You kill the orc!
The orc priest invokes the aid of Beogh against you.
Beogh smites you!
You die...

####...#
∆
###.####
#....#
####.#
#.###
#...###
###...#
∆ ###.#
∆ #@#
#)# #o.
#...
#.#..
..###.
### #.
##


You could see an orc priest.

Vanquished Creatures
  An orc priest (D:3)
  2 adders (D:2)
  A worm (D:2)
  4 dart slugs
  6 orcs (D:3)
  3 ball pythons
  5 bats
  3 endoplasms
  3 giant cockroaches (D:1)
  3 goblins (D:1)
  5 hobgoblins
  5 quokkas
  2 frilled lizards (D:2)
  4 kobolds
  3 rats (D:1)
50 creatures vanquished.

Notes
Turn   | Place    | Note
-------+----------+-------------------------------------------
     0 | D:1      | Reached skill level 9 in Stealth
     0 | D:1      | porpoise the Gnoll Wanderer began the quest for the Orb.
     0 | D:1      | porpoise set off with the following items: a +2 dagger, a
                  | scroll of fear, a +0 hand axe, a +0 ring mail, a potion of
                  | attraction.
     0 | D:1      | Reached XP level 1. HP: 17/17 MP: 1/1
    86 | D:1      | Reached XP level 2. HP: 20/23 MP: 2/2
   482 | D:1      | Reached XP level 3. HP: 28/28 MP: 3/3
   592 | D:1      | Reached skill level 1 in Invocations
   631 | D:1      | Found a faded altar of an unknown god.
   740 | D:2      | Reached skill level 1 in Short Blades
   740 | D:2      | Reached skill level 1 in Long Blades
   740 | D:2      | Reached skill level 1 in Maces & Flails
   740 | D:2      | Reached skill level 1 in Polearms
   740 | D:2      | Reached skill level 1 in Staves
   740 | D:2      | Reached skill level 1 in Ranged Weapons
   740 | D:2      | Reached skill level 1 in Throwing
   740 | D:2      | Reached skill level 1 in Dodging
   740 | D:2      | Reached skill level 1 in Shields
   740 | D:2      | Reached skill level 1 in Unarmed Combat
   740 | D:2      | Reached skill level 1 in Spellcasting
   740 | D:2      | Reached skill level 1 in Evocations
   800 | D:2      | Learned a level 2 spell: Wereblood
   883 | D:2      | Reached XP level 4. HP: 34/34 MP: 5/5
  1294 | D:3      | Reached skill level 1 in Conjurations
  1294 | D:3      | Reached skill level 1 in Hexes
  1294 | D:3      | Reached skill level 1 in Summonings
  1294 | D:3      | Reached skill level 1 in Necromancy
  1294 | D:3      | Reached skill level 1 in Translocations
  1294 | D:3      | Reached skill level 1 in Transmutations
  1294 | D:3      | Reached skill level 1 in Fire Magic
  1294 | D:3      | Reached skill level 1 in Ice Magic
  1294 | D:3      | Reached skill level 1 in Air Magic
  1294 | D:3      | Reached skill level 1 in Earth Magic
  1294 | D:3      | Reached skill level 1 in Poison Magic
  1302 | D:3      | Killed from afar by an orc priest

Illustrated notes

Levels and vault maps discovered:
D:1:      tekkud_arrival_beachfront_property, layout_rooms,
          hellmonk_ecumenical_altar_defaced_shrine, kennysheep_another_room
D:2:      layout_loops_ring, minmay_between
D:3:      layout_rooms, mainiacjoe_overflow_small_starburst,
          cheibrodos_gnoll_hut

Skill      XL: |  1  2  3  4 |
---------------+-------------+-----
Stealth        | |  9.6
Invocations    | 1 |  1.5
Short Blades   | 1 |  1.3
Long Blades    | 1 |  1.3
Maces & Flails | 1 |  1.3
Polearms       | 1 |  1.3
Staves         | 1 |  1.3
Ranged Weapons | 1 |  1.3
Throwing       | 1 |  1.3
Dodging        | 1 |  1.3
Shields        | 1 |  1.3
Unarmed Combat | 1 |  1.3
Spellcasting   | 1 |  1.3
Evocations     | 1 |  1.3
Conjurations   | 1 |  1.1
Hexes          | 1 |  1.1
Summonings     | 1 |  1.1
Necromancy     | 1 |  1.1
Translocations | 1 |  1.1
Transmutations | 1 |  1.1
Fire Magic     | 1 |  1.1
Ice Magic      | 1 |  1.1
Air Magic      | 1 |  1.1
Earth Magic    | 1 |  1.1
Poison Magic   | 1 |  1.1
Fighting       | |  2.9
Axes           | |  4.7
Armour         | |  4.7

Action                     |  1- 3 |  4- 6 || total
---------------------------+-------+-------++-------
  Melee: Hand axe          |    56 |    43 ||    99
         Bite              |     7 |     3 ||    10
   Fire: Sling             |    71 |       ||    71
    Use: Potion            |       |     2 ||     2
   Stab: Sleeping          |     4 |     3 ||     7
 Armour: Ring mail         |    33 |    11 ||    44
  Dodge: Dodged            |    48 |    13 ||    61
  Block: Buckler           |       |     4 ||     4
